 Dungeon Crawl Stone Soup version 0.32-a0-868-g153ae1a8d6 (webtiles) character file.

Game seed: 7574216262257272703

1371987 Gryn the Sorcerer (level 27, 249/249 HPs)
             Began as a Mummy Necromancer on Mar 28, 2024.
             Was the Champion of Ashenzari.
             Escaped with the Orb
             ... and 3 runes on Mar 29, 2024!
             The game lasted 05:40:55 (116470 turns).

Gryn the Sorcerer (Mummy Necromancer)             Turns: 116470, Time: 05:40:55

Health: 249/249    AC: 28    Str: 14 (15) XL:     27
Magic:  63/63      EV: 31    Int: 17 (21) God:    Ashenzari [******]
Gold:   3751       SH: 23    Dex: 31 (33) Spells: 57/80 levels left

rFire   + + .        S - +9 hand cannon "Prison of Ashenzari" {freeze, Range, Cun} (curse)
rCold   + + +        F - +5 kite shield "Share My Adversity" {AC+3, Dev, Fort} (curse)
rNeg    + + +        C - quicksilver dragon scales "Tethered Lifelessness" {*Slow rF++ Will+ Str+3, Range, Dev} (curse)
rPois   ∞            N - +0 helmet "Pessimism of Ashenzari" {Str-4 Dex+9, Cun, Self} (curse)
rElec   .            d - scarf of the Visionary Sky {rC+ rF+, +Blink +Inv rPois Str+2, Self, Elem} (curse)
rCorr   +            e - +1 pair of gloves "I Knew You'd Do That" {Cun, Self} (curse)
SInv    +            w - +2 pair of boots of Ashenzari's Boredom {Cun, Fort} (curse)
Will    ++++.        k - amulet of the Eye in the Sky {Spirit Str+2 Dex+3, Self, Fort} (curse)
Stlth   +            Q - ring of the Stellar Ordeal {rN+ rCorr MP+9 Str-4 Dex+3, Range, Elem} (curse)
HPRegen 0.61/turn    z - ring "Bound Together" {Wiz rC+ Int+3 Stlth-, Cun, Range} (curse)
MPRegen 0.38/turn

%: slow self (1%), clarity, guardian spirit, faith, wizardry (x1)
@: studying 3 skills
A: cold resistance 1, negative energy resistance 3, torment resistance 2, heat
vulnerability 1, in touch with death 2, no potions, faith
0: Orb of Zot
}: 3/15 runes: decaying, serpentine, silver
a: Renounce Religion, Evoke Blink, Evoke Invisibility, Shatter the Chains


You escaped.
You worshipped Ashenzari.
Ashenzari was exalted by your worship.
You visited 10 branches of the dungeon, and saw 50 of its levels.
You visited the Abyss 1 time.
You visited 1 ziggurat, and saw 8 of its levels.
You also visited: Trove, Bailey and Ice Cave.

You collected 8137 gold pieces.
You spent 4386 gold pieces at shops.

Inventory:

Hand Weapons
 S - the cursed +9 hand cannon "Prison of Ashenzari" (weapon) {freeze, Range, Cun}
   (You took it off a yaktaur captain on level 5 of the Vaults)

   It has a curse which improves the following skills: Ranged Combat: Ranged
   Weapons and Throwing.
   Cunning:   Dodging and Stealth.
Missiles
 s - 3 throwing nets
 t - 15 silver javelins
 K - 14 javelins
 P - 2 curare-tipped darts
Armour
 d - the cursed scarf of the Visionary Sky (worn) {rC+ rF+, +Blink +Inv rPois Str+2, Self, Elem}
   (You acquired it in a bailey)

   Str+2:     It affects your strength (+2).
   rPois:     It protects you from poison.
   +Inv:      It lets you turn invisible.
   +Blink:    It lets you blink.
   It has a curse which improves the following skills: Introspection: Fighting
   and Spellcasting.
   Elements:  Fire Magic, Ice Magic, Air Magic and Earth Magic.
 e - the cursed +1 pair of gloves "I Knew You'd Do That" (worn) {Cun, Self}
   (You found it on level 6 of the Dungeon)

   It has a curse which improves the following skills: Cunning: Dodging and
   Stealth.
   Introspection: Fighting and Spellcasting.
 w - the cursed +2 pair of boots of Ashenzari's Boredom (worn) {Cun, Fort}
   (You found it on level 10 of the Dungeon)

   It has a curse which improves the following skills: Cunning: Dodging and
   Stealth.
   Fortitude: Armour and Shields.
 C - the cursed quicksilver dragon scales "Tethered Lifelessness" (worn) {*Slow rF++ Will+ Str+3, Range, Dev}
   (You bought it in a shop on level 4 of the Dungeon)

   Str+3:     It affects your strength (+3).
   rF++:      It greatly protects you from fire.
   Will+:     It increases your willpower.
   *Slow:     It may slow you when you take damage.
   It has a curse which improves the following skills: Ranged Combat: Ranged
   Weapons and Throwing.
   Devices:   Evocations.
 F - the cursed +5 kite shield "Share My Adversity" (worn) {AC+3, Dev, Fort}
   (You took it off a tengu warrior on level 2 of the Depths)

   It has a curse which improves the following skills: Devices: Evocations.
   Fortitude: Armour and Shields.
 N - the cursed +0 helmet "Pessimism of Ashenzari" (worn) {Str-4 Dex+9, Cun, Self}
   (You acquired it on level 13 of the Dungeon)

   Str-4:     It affects your strength (-4).
   Dex+9:     It affects your dexterity (+9).
   It has a curse which improves the following skills: Cunning: Dodging and
   Stealth.
   Introspection: Fighting and Spellcasting.
Jewellery
 a - the amulet of Egukykhli {rF+ Regen+}
   (You found it on level 3 of a ziggurat)

   [amulet of regeneration]

   rF+:       It protects you from fire.
   Regen+:    It increases your rate of health regeneration.
 k - the cursed amulet of the Eye in the Sky (around neck) {Spirit Str+2 Dex+3, Self, Fort}
   (You found it in a treasure trove)

   [amulet of guardian spirit]

   Spirit:    It causes incoming damage to be divided between your reserves of
   health and magic.
   Str+2:     It affects your strength (+2).
   Dex+3:     It affects your dexterity (+3).
   It has a curse which improves the following skills: Introspection: Fighting
   and Spellcasting.
   Fortitude: Armour and Shields.
 n - the amulet "Befronge" {Spirit rPois Regen+ Dex-5 SInv}
   (You acquired it on level 3 of the Crypt)

   [amulet of guardian spirit]

   Spirit:    It causes incoming damage to be divided between your reserves of
   health and magic.
   Dex-5:     It affects your dexterity (-5).
   rPois:     It protects you from poison.
   SInv:      It lets you see invisible.
   Regen+:    It increases your rate of health regeneration.
 v - an amulet of the acrobat
 z - the cursed ring "Bound Together" (right hand) {Wiz rC+ Int+3 Stlth-, Cun, Range}
   (You found it on level 2 of the Orcish Mines)

   [ring of wizardry]

   Wiz:       It improves your spell success rate.
   Int+3:     It affects your intelligence (+3).
   rC+:       It protects you from cold.
   Stlth-:    It makes you less stealthy.
   It has a curse which improves the following skills: Cunning: Dodging and
   Stealth.
   Ranged Combat: Ranged Weapons and Throwing.
 E - the amulet "Ukizum" {Spirit Dex+4 SInv}
   (You took it off a vault warden on level 5 of the Vaults)

   [amulet of guardian spirit]

   Spirit:    It causes incoming damage to be divided between your reserves of
   health and magic.
   Dex+4:     It affects your dexterity (+4).
   SInv:      It lets you see invisible.
 H - the ring "Goas Ano" {Ice Fly Will++ rCorr Str-4}
   (You took it off a vault guard on level 5 of the Vaults)

   [ring of ice]

   Ice:       It enhances your ice magic.
   Str-4:     It affects your strength (-4).
   rF-:       It makes you vulnerable to fire.
   rC+:       It protects you from cold.
   Will++:    It greatly increases your willpower.
   Fly:       It grants you flight.
   rCorr:     It protects you from acid and corrosion.
 J - a ring of flight
 O - the ring "Nixo" {Ice Dex+3}
   (You took it off Josephina on level 1 of the Realm of Zot)

   [ring of ice]

   Ice:       It enhances your ice magic.
   Dex+3:     It affects your dexterity (+3).
   rF-:       It makes you vulnerable to fire.
   rC+:       It protects you from cold.
 Q - the cursed ring of the Stellar Ordeal (left hand) {rN+ rCorr MP+9 Str-4 Dex+3, Range, Elem}
   (You found it in a treasure trove)

   [ring of magical power]

   Str-4:     It affects your strength (-4).
   Dex+3:     It affects your dexterity (+3).
   rN+:       It protects you from negative energy.
   MP+9:      It affects your magic capacity (+9).
   rCorr:     It protects you from acid and corrosion.
   It has a curse which improves the following skills: Ranged Combat: Ranged
   Weapons and Throwing.
   Elements:  Fire Magic, Ice Magic, Air Magic and Earth Magic.
 R - the ring of Zytroz {Ice Str+4 Dex+2}
   (You found it in a treasure trove)

   [ring of ice]

   Ice:       It enhances your ice magic.
   Str+4:     It affects your strength (+4).
   Dex+2:     It affects your dexterity (+2).
   rF-:       It makes you vulnerable to fire.
   rC+:       It protects you from cold.
 T - the ring of Ehubut {Ice ^Drain Str+4 Slay+3 SInv}
   (You found it on level 5 of the Vaults)

   [ring of ice]

   Ice:       It enhances your ice magic.
   Str+4:     It affects your strength (+4).
   Slay+3:    It affects your accuracy & damage with ranged weapons and melee
   (+3).
   rF-:       It makes you vulnerable to fire.
   rC+:       It protects you from cold.
   SInv:      It lets you see invisible.
   ^Drain:    It drains your maximum health when unequipped.
 U - the ring "Ommem" {Will+ Int+6 Dex+2}
   (You found it on level 5 of the Vaults)

   [ring of intelligence]

   Int+6:     It affects your intelligence (+6).
   Dex+2:     It affects your dexterity (+2).
   Will+:     It increases your willpower.
 Y - the ring "Yruweonei" {Fire Dex+5}
   (You took it off a deep elf demonologist on level 3 of the Elven Halls)

   [ring of fire]

   Fire:      It enhances your fire magic.
   Dex+5:     It affects your dexterity (+5).
   rF+:       It protects you from fire.
   rC-:       It makes you vulnerable to cold.
Wands
 c - a wand of mindburst (37)
 o - a wand of paralysis (50)
 u - a wand of roots (33)
 y - a wand of flame (91)
 B - a wand of polymorph (39)
 L - a wand of acid (10)
 Z - a wand of digging (5)
Scrolls
 b - 5 scrolls of enchant weapon
 f - 9 scrolls of fog
 g - a scroll of brand weapon
 h - 12 scrolls of teleportation
 i - 8 scrolls of amnesia
 j - 8 scrolls of immolation
 m - 3 scrolls of revelation
 p - 6 scrolls of fear
 q - 9 scrolls of noise
 r - 8 scrolls of poison
 x - 8 scrolls of enchant armour
 A - 7 scrolls of vulnerability
 D - 2 scrolls of silence
 M - 5 scrolls of blinking
 V - 4 scrolls of torment
Miscellaneous
 l - a phial of floods
 G - a sack of spiders
 I - a phantom mirror
 W - a condenser vane
 X - a lightning rod (4/4)


   Skills:
 - Level 21.7(27) Fighting
 - Level 15.6(21.2) Ranged Weapons
 + Level 14.1(18.8) Armour
 - Level 14.1(20.7) Dodging
 - Level 1.5(5.5) Stealth
 + Level 14.1(18.8) Shields
 - Level 22.3(27) Spellcasting
 - Level 6.0 Necromancy
 - Level 21.2(24.4) Ice Magic
 - Level 12.1(15.7) Evocations


You had 57 spell levels left.
You knew the following spells:

 Your Spells              Type           Power      Damage    Failure   Level
a - Necrotise             Necr           100%       1d9       1%          1
b - Vampiric Draining     Necr           78%        2d11      1%          3
c - Ozocubu's Refrigerat  Ice            41%        4d16      1%          7
d - Fugue of the Fallen   Necr           78%        N/A       1%          3
e - Polar Vortex          Ice            41%        12d5*     6%          9

Your spell library contained the following spells:

 Spells                   Type           Power      Damage    Failure   Level
 Freeze                   Ice            100%       1d10      0%          1
 Frozen Ramparts          Ice            100%       1d16      0%          3
 Ozocubu's Armour         Ice            82%        N/A       0%          3
 Apportation              Tloc           44%        N/A       1%          1
 Foxfire                  Conj/Fire      92%        2x1d8     1%          1
 Kiss of Death            Conj/Necr      100%       2d13      1%          1
 Shock                    Conj/Air       92%        1d8       1%          1
 Summon Small Mammal      Summ           88%        N/A       1%          1
 Blink                    Tloc           44%        N/A       1%          2
 Cigotuvi's Dreadful Rot  Necr/Alch/Air  100%       N/A       1%          2
 Jinxbite                 Hex            44%        N/A       1%          2
 Lesser Beckoning         Tloc           44%        N/A       1%          2
 Mercury Vapours          Alch/Air       46%        N/A       1%          2
 Momentum Strike          Conj/Tloc      44%        3d9       1%          2
 Scorch                   Fire           48%        2d7       1%          2
 Static Discharge         Conj/Air       46%        3-5/arc   1%          2
 Hailstorm                Conj/Ice       59%        3d11      1%          3
 Summon Ice Beast         Ice/Summ       59%        N/A       1%          3
 Animate Dead             Necr           78%        N/A       1%          4
 Dispel Undead            Necr           78%        3d26      1%          4
 Freezing Cloud           Conj/Ice/Air   25%        6-21      1%          5
 Metabolic Englaciation   Hex/Ice        29%        N/A       1%          5
 Permafrost Eruption      Ice/Erth       30%        2x4d9     1%          6
 Sculpt Simulacrum        Ice/Alch       29%        N/A       1%          6
 Passwall                 Erth           24%        N/A       3%          3
 Swiftness                Air            24%        N/A       3%          3
 Volatile Blastmotes      Fire/Tloc      46%        2d13      3%          3
 Curse of Agony           Necr           78%        N/A       3%          5
 Call Canine Familiar     Summ           22%        N/A       4%          3
 Confusing Touch          Hex            22%        N/A       4%          3
 Dazzling Flash           Conj/Hex       44%        N/A       4%          3
 Mephitic Cloud           Conj/Alch/Air  23%        N/A       4%          3
 Sigil of Binding         Hex            22%        N/A       4%          3
 Teleport Other           Tloc           22%        N/A       4%          3
 Martyr's Knell           Necr/Summ      65%        N/A       4%          4
 Airstrike                Air            12%        2d(2-18)  11%         4
 Animate Armour           Summ/Erth      46%        N/A       12%         4
 Brom's Barrelling Bould  Conj/Erth      23%        2d4       12%         4
 Flame Wave               Conj/Fire      23%        2d8       12%         4
 Ignite Poison            Fire/Alch      23%        N/A       12%         4
 Leda's Liquefaction      Alch/Erth      11%        N/A       12%         4
 Petrify                  Alch/Erth      23%        N/A       12%         4
 Sticky Flame             Fire/Alch      23%        2d6       12%         4
 Summon Blazeheart Golem  Fire/Summ      23%        N/A       12%         4
 Summon Lightning Spire   Summ/Air       23%        N/A       12%         4
 Vhi's Electric Charge    Tloc/Air       46%        N/A       12%         4
 Cause Fear               Hex            11%        N/A       13%         4
 Dimensional Bullseye     Hex/Tloc       11%        N/A       13%         4
 Maxwell's Portable Pile  Tloc           22%        2d(8-16)  13%         4
 Olgreb's Toxic Radiance  Alch           22%        N/A       13%         4
 Passage of Golubria      Tloc           22%        N/A       13%         4
 Death Channel            Necr           39%        N/A       17%         6
 Lee's Rapid Deconstruct  Erth           12%        3d8*      28%         5
 Fireball                 Conj/Fire      11%        3d7       32%         5
 Silence                  Hex/Air        11%        N/A       32%         5
 Alistair's Intoxication  Alch           14%        N/A       34%         5
 Iskenderun's Battlesphe  Conj           22%        2d8       34%         5
 Summon Forest            Summ/Tloc      11%        N/A       34%         5
 Summon Mana Viper        Hex/Summ       22%        N/A       34%         5
 Bombard                  Conj/Erth      11%        9d3       86%         6
 Starburst                Conj/Fire      11%        6d5       86%         6
 Dispersal                Tloc           11%        N/A       87%         6
 Gell's Gavotte           Tloc           11%        2d(16-23) 87%         6
 Summon Cactus Giant      Summ           11%        N/A       87%         6
 Haunt                    Necr/Summ      32%        N/A       96%         7
 Infestation              Necr           39%        N/A       99%         8
 Malign Gateway           Summ/Tloc      11%        N/A       100%        7
 Manifold Assault         Tloc           11%        N/A       100%        7
 Monstrous Menagerie      Summ           11%        N/A       100%        7
 Spellforged Servitor     Conj/Summ      11%        N/A       100%        7
 Summon Hydra             Summ           11%        N/A       100%        7
 Discord                  Hex            11%        N/A       100%        8
 Disjunction              Tloc           11%        N/A       100%        8
 Ignition                 Fire           12%        3d6       100%        8
 Lehudib's Crystal Spear  Conj/Erth      11%        10d4      100%        8
 Maxwell's Capacitive Co  Air            12%        ∞         100%        8
 Dragon's Call            Summ           11%        N/A       100%        9
 Fire Storm               Conj/Fire      11%        8d3       100%        9
 Sublimation of Blood     Necr           Unusable   N/A       N/A         2

Dungeon Overview and Level Annotations

Branches:
Dungeon (15/15)            Temple (0/1) D:5            Lair (5/5) D:8
  Swamp (4/4) Lair:3        Snake (4/4) Lair:2        Slime (0/5) Lair:4
    Orc (2/2) D:9             Elf (3/3) Orc:2        Vaults (5/5) D:13
  Crypt (3/3) Vaults:3       Tomb (0/3) Crypt:3      Depths (4/4) D:15
    Zot (5/5) Depths:4     Bailey (visited)           IceCv (visited)

Altars:
Ashenzari
Dithmenos
Gozag
Hepliaklqana
Kikubaaqudgha
Makhleb
Nemelex Xobeh
Okawaru
Qazlal
Ru
Sif Muna
Uskayaw
Yredelemnul
Beogh
Lugonu

Shops:
D:4 [   Orc:1 *(   Orc:2 (*[(   Elf:3 *   Snake:1 [([   Snake:3 [[   Snake:4 (*
Depths:2 ::=   Depths:4 :

Portals:
Hell: Depths:1 Depths:2 Depths:3 Depths:4
Abyss: Depths:2 Depths:3 Depths:4
Pandemonium: Depths:1 Depths:2 Depths:3

Annotations:
Swamp:3 3 runed translucent doors, mitch45678's ghost, adept MDAl
Snake:1 1 runed translucent door
Elf:1 1 runed translucent door
Depths:2 4 transporters, Vegox's ghost, adept MiHs
Zot:3 2 transporters, Vytzaeja's ghost, veteran OnBe


Innate Abilities, Weirdness & Mutations

You are immune to poison.
Your flesh is cold resistant. (rC+)
You are immune to negative energy. (rN+++)
You are immune to unholy pain and torment.
You are vulnerable to heat. (rF-)
You are strongly in touch with the powers of death.
You do not drink.
You have a special connection with the divine. (Faith)


Message History

You climb upwards.
There is a stone staircase leading down here.
There is an open door here.
There is a stone staircase leading up here.
You climb upwards.
A green death comes into view.
There is a stone staircase leading down here.
The green death roars!
Kollun comes into view. It is armed with a freezing touch.
You see here a +0 leather armour.
Kollun gestures.
Kollun gestures.
Kollun blinks!
The green death gestures at you. The blast of poison misses you.
The green death gestures at you.
The bolt of poison hits you but does no damage.
You resist.
Kollun gestures.
There is a stone staircase leading up here.
You climb upwards.
There is a stone staircase leading down here.
There is an open door here.
There is an open door here.
You sense a monster nearby.
A Ricou and a red devil come into view.
Unknown command.
There is a stone staircase leading up here.
You climb upwards.
There is a stone staircase leading down here.
There is a stone staircase leading up here.
You climb upwards.
There is a stone staircase leading down here.
There is a stone staircase leading up here.
You climb upwards.
There is a stone staircase leading down here.
There is an open door here.
There is a staircase leading out of the dungeon here.
Unknown command.
You have escaped!

...>..#######.#...##..##.....##.#
..............#..##...##.....##.#
....###########..#....##.....##.#
....# #......#..#.ß..#########.#
....# #.####.#..#....# #.# .##.#
#.# #.#..##...# #.# .##.#
#.####.#...##..#########.# .##.#
#.#....#....#............. .##.#
#.#.##.'.@..'.....######.#
.##.####.#....#....#.....######.#
............#.#...##.....##......
....######..#.#..##......##......
....###.......#..#.......##......
..............#..#.ß.....##......
....###.......#..#.......##......
###.###.......#..##......'.......
# #.....#######...##.....##......


There were no monsters in sight!

Vanquished Creatures
  2 dread liches
  11 orbs of fire (Zot:5)
  4 ancient liches
  Mara (Vaults:3)
  Josephina (Zot:1)
  Sojobo (Vaults:3)
  Vv (Zot:2)
  5 Killer Klowns
  Boris (Elf:3)
  3 curse toes
  Saint Roka (Orc:2)
  Jory (Crypt:1)
  A caustic shrike (Depths:3)
  8 golden dragons
  Nikola (Swamp:4)
  A bone dragon (Zig:5)
  3 electric golems (Zot:5)
  3 hellephants
  24 tentacled monstrosities
  27 Orb Guardians
  Zenata (Vaults:3)
  3 liches
  Mlioglotl (Swamp:4)
  A Hell Sentinel (D:14)
  3 sphinxes
  An acid blob (Zig:6)
  7 quicksilver dragons
  2 deep elf blademasters (Elf:3)
  4 titans (Vaults:5)
  Frances (Elf:1)
  9 death cobs
  2 deep elf master archers (Elf:3)
  An ancient champion (Crypt:3)
  3 thorn hunters
  12 shadow dragons
  Agnes (Elf:2)
  5 nagarajas
  8 tengu reavers
  2 tentacled starspawn
  25 storm dragons
  Donald (Elf:3)
  9 draconian monks
  Roxanne (Elf:1)
  8 draconian knights
  5 fire giants
  A daeva (Depths:4)
  An azure jelly (Zig:6)
  2 revenants (Crypt:3)
  18 vault wardens
  3 iron dragons
  3 draconian scorchers
  5 draconian shifters
  5 frost giants
  4 protean progenitors (Zot:2)
  6 ghost moths
  Louise (D:14)
  6 deep elf sorcerers
  5 spectral caustic shrikes
  A deep elf elementalist (Elf:3)
  4 spriggan defenders
  2 curse skulls
  A caustic shrike zombie (Crypt:1)
  3 orc warlords
  18 ironbound preservers
  11 draconian stormcallers
  8 ghouls
  4 reapers
  5 formless jellyfish
  4 eleionomae
  14 stone giants
  14 ironbound thunderhulks
  15 very ugly things
  5 draconian annihilators
  8 vampire knights
  8 red draconians
  A lorocyproca (Depths:3)
  7 black draconians
  9 deep elf death magi
  6 deep elf demonologists (Elf:3)
  17 green draconians
  12 deep elf annihilators
  A spectral titan (Crypt:3)
  A war gargoyle (Vaults:5)
  14 white draconians
  15 yellow draconians
  16 dire elephants
  16 purple draconians
  4 bunyips
  9 eidola
  4 spark wasps
  3 spectral quicksilver dragons (Crypt:3)
  2 blizzard demons
  4 jiangshi
  8 ettins
  13 fire dragons
  A shambling mangrove (Swamp:4)
  4 entropy weavers
  A crystal guardian (Zig:8)
  A quicksilver dragon zombie (Crypt:2)
  3 deep elf high priests
  10 yaktaur captains
  Harold (D:11)
  Fannar (Lair:2)
  35 vault guards
  11 great orbs of eyes
  A spectral spriggan (Crypt:3)
  4 rakshasas (Depths:1)
  7 ice dragons
  6 ghost crabs
  A salamander tyrant (Snake:4)
  2 quicksilver dragon skeletons (Depths:2)
  4 ogre magi
  8 anacondas
  A bennu zombie (Crypt:3)
  A spriggan air mage (Depths:3)
  7 ironbound frosthearts
  22 hydras
  22 centaur warriors
  9 alligators
  A merfolk avatar (Lair:5)
  16 two-headed ogres
  4 boulder beetles
  29 dancing weapons
  2 death knights
  4 vampire magi
  9 deep troll shamans
  14 naga sharpshooters
  A spectral dire elephant (Crypt:3)
  5 tengu warriors
  A shock serpent (shapeshifter) (Depths:3)
  7 orc high priests
  7 shock serpents
  11 naga warriors
  2 occultists
  3 spectral storm dragons (Crypt:3)
  Urug (D:11)
  3 spriggan berserkers (Depths:4)
  10 deep troll earth magi
  The ghost of domi the Skirmisher, a novice CoHu of Fedhas (D:8)
  3 hell knights
  26 deep elf knights
  2 thrashing horrors (Zig:8)
  A storm dragon zombie (Zot:2)
  3 soul eaters
  A wretched star (Zig:8)
  3 skysharks
  2 sun demons
  3 skeletal warriors
  A spectral bunyip (Crypt:3)
  A sixfirhy (Depths:3)
  9 iron trolls
  2 sea snakes
  2 iron giant zombies
  6 shadow wraiths (Crypt:3)
  A spectral anaconda (Crypt:3)
  10 glowing orange brains
  9 salamander mystics
  4 goliath frogs
  8 bog bodies
  A swamp dragon (shapeshifter) (Depths:2)
  12 mana vipers
  12 deep elf archers
  A sea snake (shapeshifter) (Elf:2)
  8 flayed ghosts
  61 deep trolls
  16 swamp dragons
  6 arcanists
  6 naga ritualists
  35 deep elf zephyrmancers
  3 steelbarb worms (Zot:2)
  2 anaconda skeletons (Crypt:1)
  An obsidian statue (Depths:4)
  Pikel (D:5)
  2 orange crystal statues (Zig:2)
  16 phantasmal warriors
  13 lindwurms
  15 ironbound convokers
  A bunyip skeleton (Crypt:1)
  2 orb spiders (shapeshifter)
  4 thermic dynamos
  An oklob plant (Zig:7)
  A spectral hydra (Crypt:3)
  24 deep elf pyromancers
  2 harpies (Lair:5)
  15 orc knights
  A large abomination (Zig:1)
  2 obsidian bats (Orc:2)
  5 necromancers
  47 ugly things
  6 manticores
  2 shadow dragon skeletons (Depths:2)
  6 orc sorcerers
  2 fire giant zombies
  A jorogumo skeleton (Crypt:1)
  A frost giant zombie (Crypt:1)
  2 manticores (shapeshifter) (Vaults:5)
  20 moths of wrath
  17 salamanders
  An iron dragon skeleton (Depths:2)
  A guardian serpent (shapeshifter) (Elf:1)
  36 black mambas
  A water nymph (shapeshifter) (Vaults:5)
  4 cyclopes
  A titan simulacrum (Crypt:3)
  29 elephants
  A shock serpent zombie (Crypt:2)
  2 kobold blastminers (Orc:2)
  9 vault sentinels
  An orange demon (Depths:4)
  5 smoke demons
  6 guardian serpents
  6 ice statues
  14 cane toads
  19 naga magi
  A cane toad (shapeshifter) (D:14)
  A storm dragon simulacrum (Crypt:3)
  A kobold demonologist (D:12)
  8 rime drakes
  4 gargoyles
  27 freezing wraiths
  An elephant slug zombie (Crypt:1)
  26 yaktaurs
  2 centaur skeletons (Crypt:1)
  An unseen horror (D:12)
  3 hellions
  2 tengu conjurers
  Jeremiah (D:7)
  An ice devil (Depths:4)
  15 komodo dragons
  Psyche (D:9)
  A ghost moth simulacrum (Zot:1)
  5 guardian mummies (Crypt:3)
  A hellwing (Depths:4)
  A red devil (Depths:4)
  4 wind drakes (Lair:5)
  A harpy zombie (Crypt:1)
  2 ancient zymes
  A bloated husk (Swamp:3)
  8 trolls
  11 hornets
  A shadow dragon simulacrum (Crypt:3)
  A merfolk (shapeshifter) (Vaults:5)
  2 polar bears
  6 tyrant leeches
  5 blink frogs
  A guardian serpent zombie (Crypt:3)
  A tarantella zombie (Crypt:1)
  A meliai zombie (Crypt:1)
  A hydra skeleton (Crypt:3)
  A raiju (Zig:5)
  2 frost giant simulacra (Depths:2)
  A dream sheep (shapeshifter) (Vaults:4)
  An ettin zombie (Vaults:3)
  6 dream sheep (Lair:5)
  2 glass eyes
  37 slime creatures
  A draconian simulacrum (Zot:1)
  Sigmund (D:4)
  An air elemental (Elf:1)
  10 spriggans
  2 shadows
  16 water elementals
  A naga simulacrum (Crypt:3)
  6 wyverns
  A vampire (D:12)
  33 yaks
  2 ynoxinuls
  Eustachio (D:5)
  9 starcursed masses
  Grum (D:8)
  7 wraiths
  2 golden eyes
  6 steam dragons
  4 fire elementals
  A neqoxec (Zig:1)
  A black draconian simulacrum (Zot:1)
  2 basilisks
  5 wargs
  2 chaos spawn (Depths:4)
  3 redbacks (Vaults:4)
  8 vampire mosquitoes
  38 nagas
  2 harpy simulacra (IceCv)
  2 acid dragons
  A hydra simulacrum (IceCv)
  18 swamp worms
  13 water moccasins
  2 moth of wrath simulacra (Zot:1)
  A faun skeleton (Crypt:1)
  9 swamp drakes
  A sky beast (D:8)
  4 black bears
  62 orc warriors
  2 ice beasts
  24 ogres
  8 laughing skulls
  A lindwurm zombie (Crypt:2)
  13 wolves
  5 boggarts
  3 lemures (D:5)
  11 centaurs
  The ghost of seawaffle the Covered, an amateur GrFi of Trog (D:3)
  3 phantoms
  2 kobold brigands
  An elf zombie (Crypt:2)
  A fire crab zombie (Crypt:2)
  A gnoll sergeant (D:7)
  8 bullfrogs
  A cane toad simulacrum (IceCv)
  2 earth elementals (Elf:2)
  4 scorpions
  A water moccasin zombie (Crypt:3)
  A wyvern skeleton (Crypt:3)
  4 wights (D:10)
  A troll zombie (Crypt:3)
  A shapeshifter zombie (Crypt:3)
  An elephant simulacrum (IceCv)
  19 killer bees
  A howler monkey (D:5)
  A lava snake (Lair:4)
  2 bombardier beetles
  2 human zombies (Crypt:2)
  35 orc priests
  A gnoll bouda (D:7)
  2 hounds
  6 jellies
  A black bear skeleton (Crypt:3)
  9 iguanas
  14 orc wizards
  A scorpion zombie (Crypt:3)
  Natasha (thrice) (D:4)
  A polar bear simulacrum (IceCv)
  A boggart skeleton (Crypt:2)
  A wolf simulacrum (IceCv)
  A scorpion simulacrum (D:3)
  7 mummies (Crypt:3)
  24 gnolls
  9 adders
  A hound simulacrum (D:3)
  A shadow imp (D:6)
  13 white imps
  The ghost of jjthehollowmonke the Sneak, a weakling HuDe (D:5)
  A dart slug (D:3)
  3 ribbon worms
  2 adder simulacra (D:3)
  125 orcs
  7 ball pythons
  11 endoplasms
  4 giant cockroaches
  16 goblins
  14 hobgoblins
  3 jackals (D:1)
  5 quokkas
  A ball python simulacrum (D:3)
  7 bats
  2 frilled lizards (D:1)
  A giant cockroach simulacrum (D:3)
  11 kobolds
  A quokka skeleton (Crypt:2)
  3 rats
  An aspiring flesh (Zot:2)
  2 starspawn tentacles
2418 creatures vanquished.

Vanquished Creatures (collateral kills)
  the Lernaean hydra (Swamp:4)
  Margery (Crypt:1)
  A tengu reaver (Vaults:3)
  A spriggan defender (Depths:2)
  A jackal (D:1)
  A ball python (D:2)
6 creatures vanquished.

Vanquished Creatures (others)
  2 draconian knights
  A hell beast (Depths:4)
  A deep elf pyromancer (Elf:3)
  A bloated husk (Swamp:1)
  An ice beast (D:5)
  An ogre (D:11)
  A scorpion (D:5)
  3 orcs (D:5)
  4 starspawn tentacles
15 creatures vanquished.

Grand Total: 2439 creatures vanquished

Notes
Turn   | Place    | Note
-------+----------+-------------------------------------------
     0 | D:1      | Gryn the Mummy Necromancer began the quest for the Orb.
     0 | D:1      | Reached XP level 1. HP: 13/13 MP: 4/4
   213 | D:1      | Reached XP level 2. HP: 19/19 MP: 2/5
   674 | D:1      | Reached skill level 5 in Necromancy
   737 | D:1      | Reached XP level 3. HP: 24/24 MP: 4/7
  1520 | D:1      | Learned a level 3 spell: Vampiric Draining
  1628 | D:2      | Reached XP level 4. HP: 29/30 MP: 2/8
  1770 | D:2      | Reached skill level 3 in Spellcasting
  1985 | D:2      | Found a broken altar of Ashenzari.
  2380 | D:2      | Reached XP level 5. HP: 35/35 MP: 6/10
  2411 | D:2      | Reached skill level 4 in Spellcasting
  2765 | D:3      | Reached skill level 1 in Fighting
  3085 | D:2      | Became a worshipper of Ashenzari the Shackled
  3142 | D:3      | Noticed seawaffle's ghost (amateur GrFi)
  3178 | D:3      | Found a runed translucent gate.
  3178 | D:3      | Found a runed translucent gate.
  3178 | D:3      | Found a runed translucent gate.
  3468 | D:4      | Noticed Sigmund
  3468 | D:4      | Noticed a phantom
  3501 | D:4      | Killed a phantom
  3502 | D:4      | Reached XP level 6. HP: 48/48 MP: 12/12
  3820 | D:4      | Noticed Natasha
  3829 | D:4      | Killed Sigmund
  3830 | D:4      | Reached skill level 5 in Fighting
  3830 | D:4      | Reached XP level 7. HP: 57/57 MP: 6/13
  3845 | D:4      | Killed Natasha
  3898 | D:4      | Found Zoon's Armour Shop.
  3928 | D:4      | Noticed Natasha
  3931 | D:4      | Killed Natasha
  4124 | D:4      | Noticed Natasha
  4132 | D:4      | Killed Natasha
  4384 | D:5      | Entered Level 5 of the Dungeon
  4410 | D:5      | Reached skill level 1 in Ranged Weapons
  4463 | D:5      | Reached XP level 8. HP: 51/67 MP: 5/14
  4774 | D:5      | Found a staircase to the Ecumenical Temple.
  4809 | D:5      | Noticed Eustachio
  4867 | D:5      | Killed Eustachio
  5265 | D:5      | Noticed Pikel
  5275 | D:5      | Killed Pikel
  5517 | D:5      | Reached * piety under Ashenzari
  5539 | D:5      | Found a broken altar of Ashenzari.
  5595 | D:5      | Reached XP level 9. HP: 64/72 MP: 15/15
  5720 | D:5      | Found a transporter.
  5721 | D:5      | Found a transporter.
  5755 | D:5      | Noticed jjthehollowmonke's ghost (weakling HuDe)
  5757 | D:5      | Identified the +7 great mace of Amorous Tender Mercy
                  | {speed, rPois rC+}
  6586 | D:6      | Reached ** piety under Ashenzari
  6985 | D:6      | Found an opulent altar of Gozag.
  7929 | D:7      | Noticed Jeremiah
  7938 | D:7      | Killed Jeremiah
  8099 | D:7      | Found an iron altar of Okawaru.
  8143 | D:7      | Reached *** piety under Ashenzari
  8470 | D:8      | Found a flagged portal.
  8479 | Bailey   | Entered a bailey
  8697 | Bailey   | Reached XP level 10. HP: 53/82 MP: 18/18
  8709 | Bailey   | Reached skill level 1 in Evocations
  8925 | Bailey   | Noticed an orc warlord
  9058 | Bailey   | Noticed an orc knight
  9071 | Bailey   | Killed an orc knight
  9099 | Bailey   | Identified a scroll of acquirement
  9112 | Bailey   | Acquired the scarf of Resourcefulness {rC+ rF+, +Blink +Inv
                  | rPois Str+2}
  9245 | Bailey   | Reached skill level 10 in Ranged Weapons
  9349 | D:8      | Found a staircase to the Lair.
  9349 | D:8      | Noticed a cane toad
  9349 | D:8      | Noticed a cane toad
  9375 | D:8      | Noticed Grum
  9393 | D:8      | Killed Grum
  9688 | D:8      | Killed a cane toad
  9856 | D:8      | Killed a cane toad
  9877 | D:8      | Found a shimmering blue altar of Sif Muna.
  9878 | D:8      | Found an ancient bone altar of Kikubaaqudgha.
  9879 | D:8      | Found a hide-covered altar of Uskayaw.
  9973 | D:8      | Identified the +4 spear "Wirgh" {flame, SInv}
  9974 | D:8      | Found a runed translucent door.
  9975 | D:8      | Noticed domi's ghost (novice CoHu)
 10203 | D:8      | Identified the Collected Works on Decalescent Evil Spells
 10518 | D:8      | Reached XP level 11. HP: 87/90 MP: 19/19
 10551 | D:8      | Found a sacrificial altar of Ru.
 11076 | D:9      | Noticed Psyche
 11082 | D:9      | Killed Psyche
 11177 | D:9      | Reached **** piety under Ashenzari
 11246 | D:9      | Found a staircase to the Orcish Mines.
 11988 | D:9      | Reached skill level 5 in Dodging
 12723 | D:10     | Entered Level 10 of the Dungeon
 13618 | D:10     | Found a hazy altar of Hepliaklqana.
 13618 | D:10     | Found a stormy altar of Qazlal.
 13618 | D:10     | Found a shadowy altar of Dithmenos.
 13851 | D:10     | Reached skill level 10 in Fighting
 14310 | Lair:1   | Entered Level 1 of the Lair of Beasts
 15024 | Lair:1   | Reached XP level 12. HP: 96/103 MP: 21/21
 16113 | Lair:2   | Noticed Fannar
 16134 | Lair:2   | Killed Fannar
 16476 | Lair:2   | Found a staircase to the Snake Pit.
 17223 | Lair:3   | Found a frozen archway.
 17248 | IceCv    | Entered an ice cave
 19551 | D:4      | Bought the quicksilver dragon scales of the Pleiades {*Slow
                  | rF++ Will+ Str+3} for 1022 gold pieces
 19890 | Lair:3   | Found a staircase to the Swamp.
 19918 | Lair:3   | Noticed a boulder beetle
 19930 | Lair:3   | Reached skill level 5 in Evocations
 19983 | Lair:3   | Killed a boulder beetle
 19984 | Lair:3   | Reached skill level 1 in Armour
 20235 | Lair:3   | Noticed a four-headed hydra
 20246 | Lair:3   | Killed a four-headed hydra
 20656 | Lair:4   | Noticed a dire elephant
 21016 | Lair:4   | Gained mutation: You are strongly in touch with the powers
                  | of death. [Mummy growth]
 21016 | Lair:4   | Reached XP level 13. HP: 113/113 MP: 22/22
 21598 | Lair:4   | Found the +8 whip "Snakebite" {venom, curare, rPois}
 21835 | Lair:4   | Found a staircase to the Slime Pits.
 21907 | Lair:4   | Killed a dire elephant
 22235 | Lair:5   | Entered Level 5 of the Lair of Beasts
 23138 | Lair:5   | Found a broken altar of Ashenzari.
 23192 | Lair:5   | Reached skill level 5 in Spellcasting
 23465 | Lair:4   | Reached skill level 6 in Spellcasting
 24238 | Lair:5   | Reached skill level 5 in Armour
 24463 | Lair:5   | Reached skill level 7 in Spellcasting
 24483 | Lair:5   | Reached XP level 14. HP: 101/123 MP: 28/28
 24982 | Lair:5   | Found the +7 captain's cutlass {speed, disarm}
 24985 | Lair:5   | Identified the +1 broad axe of Equivalence {heavy, rF+}
 25137 | Lair:5   | Reached skill level 8 in Spellcasting
 25758 | Orc:1    | Entered Level 1 of the Orcish Mines
 26366 | Orc:1    | Noticed an orc warlord
 26723 | D:11     | Noticed Harold
 26904 | D:11     | Killed Harold
 27211 | D:11     | Noticed Urug
 27227 | D:11     | Killed Urug
 27701 | D:11     | Reached skill level 9 in Spellcasting
 29086 | D:12     | Paralysed by an ogre mage for 5 turns
 29370 | D:12     | Reached skill level 10 in Spellcasting
 29992 | D:13     | Identified the +1 broad axe of the Keeping Soothsayer
                  | {drain, rElec rPois rF+ Dex-3}
 30013 | D:13     | Found a shadowy altar of Dithmenos.
 30123 | D:13     | Found a gate to the Vaults.
 30617 | D:13     | Acquired the +0 helmet of Spite {Str-4 Dex+9}
 30646 | D:13     | Reached skill level 11 in Spellcasting
 31046 | D:13     | Identified the +10 great sword of Instinct {freeze, rC+
                  | Int+4}
 31687 | D:14     | Reached skill level 1 in Ice Magic
 31815 | D:14     | Noticed Louise
 31833 | Abyss:3  | Cast into level 3 of the Abyss (Louise)
 31889 | Abyss:3  | Noticed a daeva
 31952 | Abyss:3  | Noticed an Executioner
 31965 | Abyss:3  | Noticed a bone dragon
 31976 | D:14     | Escaped the Abyss
 32659 | D:14     | Killed Louise
 33064 | D:15     | Entered Level 15 of the Dungeon
 33224 | D:15     | Reached XP level 15. HP: 119/129 MP: 34/34
 33322 | D:15     | Reached skill level 5 in Ice Magic
 34859 | D:15     | Found a staircase to the Depths.
 35762 | Orc:1    | Learned a level 7 spell: Ozocubu's Refrigeration
 35776 | Orc:1    | Found Lauz's Weapon Emporium.
 35805 | Orc:1    | Found Tiew's Gadget Gallery.
 36005 | Orc:2    | Entered Level 2 of the Orcish Mines
 36146 | Orc:2    | Reached ***** piety under Ashenzari
 37443 | Orc:2    | Found a staircase to the Elven Halls.
 37489 | Orc:2    | Identified the ring of Giguutes {Wiz rC+ Int+3 Stlth-}
 38033 | Orc:2    | Noticed Saint Roka
 38482 | Orc:2    | Found a roughly hewn altar of Beogh.
 38536 | Orc:2    | Found Aliott's Antique Weapon Emporium.
 39023 | Orc:2    | Found Jehuho's Armour Shoppe.
 39830 | Orc:1    | Bought a phial of floods for 600 gold pieces
 39981 | Swamp:1  | Entered Level 1 of the Swamp
 40889 | Swamp:1  | Reached XP level 16. HP: 140/140 MP: 36/36
 42582 | Swamp:2  | Noticed a thorn hunter
 42595 | Swamp:2  | Killed a thorn hunter
 43814 | Swamp:3  | Reached skill level 10 in Evocations
 44543 | Swamp:3  | Noticed a thorn hunter
 44730 | Swamp:3  | Killed a thorn hunter
 44779 | Swamp:3  | Reached skill level 10 in Ice Magic
 45217 | Swamp:3  | Found a runed translucent gate.
 45276 | Swamp:3  | Found a runed translucent gate.
 45277 | Swamp:3  | Found a runed translucent gate.
 45279 | Swamp:3  | Noticed mitch45678's ghost (adept MDAl)
 45280 | Swamp:3  | Identified the Thoughts on the Impact
 45517 | Swamp:4  | Entered Level 4 of the Swamp
 45904 | Swamp:4  | Noticed a thorn hunter
 45916 | Swamp:4  | Killed a thorn hunter
 45999 | Swamp:4  | Noticed Nikola
 46227 | Snake:1  | Entered Level 1 of the Snake Pit
 46263 | Snake:1  | Found Dutzu's Antique Weapon Boutique.
 47111 | Snake:1  | Identified the +2 ring mail "Byarhasm" {Str+3}
 47162 | Snake:1  | Reached skill level 12 in Spellcasting
 47447 | Snake:1  | Found Biussese's Armour Shop.
 47544 | Snake:1  | Found Baqu Mio's Antique Armour Shoppe.
 47624 | Snake:1  | Reached skill level 13 in Spellcasting
 48089 | Snake:1  | Found a runed translucent door.
 48125 | Snake:1  | Acquired a manual of Dodging
 49416 | Snake:2  | Reached skill level 14 in Spellcasting
 49490 | Snake:2  | Reached XP level 17. HP: 146/146 MP: 40/40
 50325 | Snake:3  | Found Saezaompa's Antique Armour Shoppe.
 50855 | Snake:3  | Reached skill level 10 in Dodging
 51358 | Snake:3  | Found Mesa's Antique Armour Boutique.
 51607 | Snake:4  | Entered Level 4 of the Snake Pit
 52866 | Snake:4  | Found Fael's General Store.
 52874 | Snake:4  | Found Quhued Muucy's Weapon Shoppe.
 53723 | Snake:4  | Got a serpentine rune of Zot
 54339 | Swamp:4  | Killed Nikola
 54967 | Swamp:3  | Reached ****** piety under Ashenzari
 55247 | Swamp:4  | Reached XP level 18. HP: 156/156 MP: 41/41
 55473 | Swamp:4  | Noticed Mlioglotl
 55586 | Swamp:4  | Noticed the 27-headed Lernaean hydra
 55587 | Swamp:4  | Killed the 27-headed Lernaean hydra
 56041 | Swamp:4  | Killed Mlioglotl
 56528 | Swamp:4  | Got a decaying rune of Zot
 57120 | D:3      | Killed seawaffle's ghost
 57260 | D:5      | Killed jjthehollowmonke's ghost
 57450 | D:8      | Killed domi's ghost
 57627 | Orc:2    | Killed Saint Roka
 57820 | Orc:2    | Found a roughly hewn altar of Beogh.
 57841 | Orc:2    | Found Orak's Weapon Emporium.
 57949 | Orc:2    | Found Luenic's General Store.
 58110 | Orc:1    | Bought a condenser vane for 600 gold pieces
 58110 | Orc:1    | Bought a lightning rod (4/4) for 600 gold pieces
 58243 | Vaults:1 | Entered Level 1 of the Vaults
 59149 | Vaults:1 | Identified the ring of Lalometh {rPois Dex+4 SInv}
 59792 | Vaults:1 | Noticed a lich
 59806 | Vaults:1 | Killed a lich
 59807 | Vaults:1 | Reached skill level 10 in Armour
 60390 | Vaults:1 | Learned a level 3 spell: Fugue of the Fallen
 60862 | Vaults:1 | Reached XP level 19. HP: 148/167 MP: 42/42
 64474 | Vaults:3 | Noticed Sojobo
 64490 | Vaults:3 | Paralysed by an air elemental for 1 turns
 64493 | Vaults:3 | Paralysed by an air elemental for 1 turns
 64506 | Vaults:3 | Killed Sojobo
 64837 | Vaults:3 | Noticed Zenata
 65528 | Vaults:3 | Noticed Mara
 65768 | Depths:1 | Entered Level 1 of the Depths
 68023 | D:15     | Reached XP level 20. HP: 172/172 MP: 42/42
 68378 | Depths:1 | Reached skill level 15 in Ranged Weapons
 69299 | Depths:1 | Found a gateway to Hell.
 69528 | Depths:1 | Learned a level 9 spell: Polar Vortex
 69832 | Depths:1 | Found a sparkling altar of Nemelex Xobeh.
 70240 | Depths:1 | Found a one-way gate leading to the halls of Pandemonium.
 70682 | Depths:2 | Identified the +9 falchion of Pes Faij {pain, Will- rCorr
                  | Str+2}
 70780 | Depths:2 | Found a one-way gateway to a ziggurat.
 71185 | Depths:2 | Found a transporter.
 71185 | Depths:2 | Found a transporter.
 71501 | Elf:1    | Entered Level 1 of the Elven Halls
 71501 | Elf:1    | Found a runed translucent gate.
 71501 | Elf:1    | Found a runed translucent gate.
 71501 | Elf:1    | Found a runed translucent gate.
 71501 | Elf:1    | Found a runed translucent gate.
 71501 | Elf:1    | Found a runed translucent gate.
 71501 | Elf:1    | Found a runed translucent gate.
 71502 | Elf:1    | Found a runed translucent door.
 71592 | Elf:1    | Found a runed translucent door.
 72783 | Elf:1    | Noticed Frances
 72789 | Elf:1    | Killed Frances
 72970 | Elf:1    | Reached skill level 15 in Ice Magic
 73290 | Elf:1    | Noticed Roxanne
 73308 | Elf:1    | Killed Roxanne
 73687 | Elf:2    | Noticed Agnes
 73691 | Elf:2    | Killed Agnes
 73860 | Elf:2    | Identified the +3 battleaxe of Ovilos {flame, *Corrode
                  | Str+7 Int+2 Stlth+}
 73951 | Elf:2    | Found a roughly hewn altar of Beogh.
 73974 | Elf:2    | Found a burning altar of Makhleb.
 74453 | Elf:2    | Found a huge runed translucent gate.
 74453 | Elf:2    | Found a huge runed translucent gate.
 74453 | Elf:2    | Found a huge runed translucent gate.
 74453 | Elf:2    | Found a huge runed translucent gate.
 74453 | Elf:2    | Found a huge runed translucent gate.
 75651 | Elf:2    | Reached XP level 21. HP: 180/180 MP: 43/43
 77982 | Vaults:3 | Found a staircase to the Crypt.
 77982 | Vaults:3 | Found a basalt altar of Yredelemnul.
 77982 | Vaults:3 | Found an ancient bone altar of Kikubaaqudgha.
 78188 | Vaults:3 | Killed Mara
 78599 | Crypt:1  | Entered Level 1 of the Crypt
 78786 | Crypt:1  | Reached skill level 15 in Spellcasting
 79105 | Crypt:1  | Noticed Margery
 79910 | Vaults:4 | Identified the +2 robe of Generosity {Will+ Stlth+}
 80190 | Vaults:4 | Found a portal to a secret trove of treasure.
 80369 | Vaults:4 | Identified the +1 leather armour of Spaghetti {rN+++ Dex-5}
 80567 | Vaults:4 | Reached skill level 16 in Spellcasting
 82173 | Crypt:1  | Killed Margery
 82935 | Crypt:1  | Noticed Jory
 83632 | Crypt:1  | Killed Jory
 83633 | Crypt:1  | Reached XP level 22. HP: 176/187 MP: 38/47
 84548 | Crypt:3  | Entered Level 3 of the Crypt
 84568 | Crypt:2  | Found an ancient bone altar of Kikubaaqudgha.
 85222 | Crypt:3  | Found a staircase to the Tomb.
 86435 | Crypt:3  | Identified the staff "Demon's Death Toll" {+Blink rPois rN+
                  | Will- Alchemy}
 86435 | Crypt:3  | Identified the Precepts of Desecration
 86746 | Crypt:3  | Identified the Cyclopedia of the Projective Wendigo
 86746 | Crypt:3  | Identified the amulet "Zahuosch" {Reflect rPois Str-3 Int+4
                  | SH+5}
 86746 | Crypt:3  | Identified the +7 short sword "Himojom" {heavy, Int+6}
 86807 | Crypt:3  | Acquired the amulet "Befronge" {Spirit rPois Regen+ Dex-5
                  | SInv}
 87190 | Orc:2    | Bought a +2 crystal plate armour for 1564 gold pieces
 87486 | Vaults:4 | You paid a toll of a +2 crystal plate armour to enter a
                  | treasure trove
 87487 | Trove    | Entered a treasure trove
 87487 | Trove    | Identified the ring "Apo Uheh" {rC+ Dex+3}
 87487 | Trove    | Identified the ring of Jubrad Asky {rN+ rCorr MP+9 Str-4
                  | Dex+3}
 87487 | Trove    | Identified the ring of Zytroz {Ice Str+4 Dex+2}
 87487 | Trove    | Identified the amulet "Ixucrufo" {Regen+ Int+2}
 87487 | Trove    | Identified the amulet "Viskot" {Regen+ Str+2 Dex+2}
 87487 | Trove    | Identified the ring of Hoxabulu {rC+ Int+5 Dex-5}
 87487 | Trove    | Identified the ring of Osuwki Jado {rPois rCorr Dex+3}
 87487 | Trove    | Identified the amulet "Nitad" {Spirit Str+2 Dex+3}
 87487 | Trove    | Identified the ring of Nemoroq {MP+9 Str-5 Dex+3 SInv
                  | Stlth+}
 87667 | Vaults:3 | Killed Zenata
 88539 | Depths:2 | Found a one-way gate to the infinite horrors of the Abyss.
 88615 | Depths:2 | Found Uguj's Jewellery Shoppe.
 88615 | Depths:2 | Found Ycofuv's Book Boutique.
 88617 | Depths:2 | Found Sozaytupn's Book Boutique.
 88879 | Depths:2 | Found a transporter.
 88882 | Depths:2 | Noticed Vegox's ghost (adept MiHs)
 88882 | Depths:2 | Identified the +1 cloak of the Northern Lights {Regen+
                  | Str+3 Int+4}
 88884 | Depths:2 | Noticed a golden dragon
 88886 | Depths:2 | Noticed a caustic shrike
 88898 | Depths:2 | Found a transporter.
 89310 | Depths:2 | Reached skill level 15 in Fighting
 89662 | Depths:2 | Identified the Quarto of Snowing Wildfire
 89823 | Depths:2 | Identified the +6 flail "Daecoq" {elec, ^Contam +Blink rC+
                  | Int+3}
 90281 | Depths:3 | Reached skill level 17 in Spellcasting
 90592 | Depths:3 | Noticed a caustic shrike
 91277 | Vaults:5 | Entered Level 5 of the Vaults
 91279 | Vaults:5 | Noticed a golden dragon
 91280 | Vaults:5 | Noticed a dread lich
 91281 | Vaults:5 | Reached XP level 23. HP: 179/196 MP: 32/49
 91282 | Vaults:5 | Reached skill level 18 in Spellcasting
 91645 | Vaults:4 | Killed a dread lich
 93653 | Vaults:5 | Noticed a dread lich
 93664 | Vaults:5 | Killed a dread lich
 94117 | Vaults:5 | Identified the +1 scale mail "Guaph" {rPois Will+++ Str-2
                  | Dex-2}
 94166 | Vaults:5 | Identified the ring "Goas Ano" {Ice Fly Will++ rCorr Str-4}
 94380 | Vaults:5 | Got a silver rune of Zot
 94895 | Vaults:5 | Identified the amulet "Ukizum" {Spirit Dex+4 SInv}
 95051 | Vaults:5 | Identified the ring of Ehubut {Ice ^Drain Str+4 Slay+3
                  | SInv}
 95052 | Vaults:5 | Identified the +9 falchion "Saciontann" {drain, rF+ rCorr}
 95053 | Vaults:5 | Identified the +2 war axe "Loligeus" {pain, Int+4}
 95053 | Vaults:5 | Identified the ring "Ommem" {Will+ Int+6 Dex+2}
 95451 | Elf:3    | Entered Level 3 of the Elven Halls
 95500 | Elf:3    | Identified the +5 rapier "Umpogi" {freeze, rN+ rCorr}
 95599 | Elf:3    | Reached skill level 1 in Shields
 95828 | Elf:3    | Found Peurch's Assorted Antiques.
 95842 | Elf:3    | Identified the +3 robe of Nueppiot {Harm +Blink MP+9}
 95842 | Elf:3    | Noticed Boris
 95851 | Elf:3    | Killed Boris
 96030 | Elf:3    | Noticed Donald
 96034 | Elf:3    | Killed Donald
 96406 | Elf:3    | Identified the +9 hand axe of the Globe {venom, Int+4}
 96437 | Elf:3    | Reached skill level 19 in Spellcasting
 96494 | Elf:3    | Identified the +1 great sword "Idusetixt" {flame, rF+ Will+
                  | Int+3}
 96494 | Elf:3    | Identified the amulet "Uphuwien" {Reflect rPois Str+4 SH+5}
 96667 | Elf:3    | Reached XP level 24. HP: 192/210 MP: 50/50
 96674 | Elf:3    | Identified the ring "Zeonlirch" {rCorr Int+6 Dex+4}
 96684 | Elf:3    | Identified the ring "Yruweonei" {Fire Dex+5}
 96690 | Elf:3    | Identified the +5 war axe "Ojuh Naf" {heavy, rElec Dex+3}
 96740 | Elf:3    | Identified the staff of Pupnam {rN+ Int-3 Dex+6 Necro}
 97150 | Elf:3    | Identified the Directory of the Dragon
 98093 | Depths:3 | Reached skill level 5 in Shields
 98461 | Depths:4 | Entered Level 4 of the Depths
 98993 | Depths:4 | Reached skill level 20 in Spellcasting
 99407 | Depths:4 | Found a gate to the Realm of Zot.
 99921 | Depths:4 | Found a corrupted altar of Lugonu.
100494 | Depths:4 | Identified Asmodeus's Cyclopedia of Attendants
100497 | Depths:4 | Found Gaimaer's Book Shop.
101128 | Depths:4 | Found a broken altar of Ashenzari.
101307 | Zig:1    | Entered Level 1 of a ziggurat
101307 | Zig:1    | Identified the +7 halberd of Faaquthy {freeze, rElec rPois
                  | rCorr Int-5}
101322 | Zig:2    | Entered Level 2 of a ziggurat
101670 | Zig:3    | Entered Level 3 of a ziggurat
101673 | Zig:3    | Noticed an ancient lich
101673 | Zig:3    | Identified the amulet of Egukykhli {rF+ Regen+}
101683 | Zig:3    | Killed an ancient lich
101707 | Zig:4    | Entered Level 4 of a ziggurat
101838 | Zig:5    | Entered Level 5 of a ziggurat
101847 | Zig:5    | Reached skill level 21 in Spellcasting
101850 | Zig:5    | Paralysed by accursed screaming for 1 turns
102089 | Zig:5    | Identified the +6 morningstar of the Burning God {freeze,
                  | Str+2 Int+3}
102100 | Zig:6    | Entered Level 6 of a ziggurat
102103 | Zig:6    | Identified the +8 short sword "Mozul" {flame, rCorr Dex+2}
102409 | Zig:6    | Identified the +7 shortbow of Circular Logic {antimagic,
                  | rPois rN+}
102450 | Zig:7    | Entered Level 7 of a ziggurat
102457 | Zig:7    | Identified Ruh Lykaefu's Lessons on the Traveller
102516 | Zig:8    | Entered Level 8 of a ziggurat
102541 | Zig:8    | Identified the Teachings on Shifting Terra Firma
102728 | Zot:1    | Entered Level 1 of the Realm of Zot
103207 | Zot:1    | Identified the ring "Nixo" {Ice Dex+3}
103207 | Zot:1    | Noticed Josephina
103225 | Zot:1    | Reached XP level 25. HP: 173/219 MP: 49/53
103225 | Zot:1    | Killed Josephina
103691 | Zot:1    | Reached skill level 10 in Shields
104590 | Zot:2    | Noticed Vv
104602 | Zot:2    | Killed Vv
105357 | Zot:2    | Found the +11 plutonium sword {^Contam Stlth-}
105408 | Zot:2    | Noticed an ancient lich
105417 | Zot:2    | Killed an ancient lich
105418 | Zot:2    | Reached skill level 22 in Spellcasting
105792 | Zot:2    | Noticed a Killer Klown
105798 | Zot:2    | Killed a Killer Klown
107759 | Zot:3    | Noticed Vytzaeja's ghost (veteran OnBe)
107759 | Zot:3    | Noticed an ancient lich
107842 | Zot:3    | Found a transporter.
107918 | Zot:3    | Reached XP level 26. HP: 190/231 MP: 26/54
108632 | Zot:3    | Noticed a dread lich
108657 | Zot:3    | Found a transporter.
110513 | Zot:5    | Entered Level 5 of the Realm of Zot
111307 | Zot:5    | Identified the +6 hand axe "Goloaze" {holy, Fly rF- Dex+4}
112313 | Zot:5    | Noticed an ancient lich
112323 | Zot:5    | Killed an ancient lich
112325 | Zot:5    | Noticed an orb of fire
112332 | Zot:5    | Noticed an orb of fire
112337 | Zot:5    | Killed an orb of fire
112913 | Zot:5    | Killed an orb of fire
113485 | Zot:5    | Noticed an orb of fire
113497 | Zot:5    | Killed an orb of fire
113788 | Zot:5    | Noticed an ancient lich
113793 | Zot:5    | Killed an ancient lich
114038 | Zot:5    | Noticed an orb of fire
114046 | Zot:5    | Killed an orb of fire
114160 | Zot:5    | Noticed an orb of fire
114171 | Zot:5    | Killed an orb of fire
114381 | Zot:5    | Noticed an orb of fire
114394 | Zot:5    | Killed an orb of fire
114454 | Zot:5    | Noticed an orb of fire
114465 | Zot:5    | Killed an orb of fire
114772 | Zot:5    | Noticed an orb of fire
114779 | Zot:5    | Killed an orb of fire
115026 | Zot:5    | Noticed an orb of fire
115035 | Zot:5    | Killed an orb of fire
115036 | Zot:5    | Reached XP level 27. HP: 242/247 MP: 34/54
115196 | Zot:5    | Noticed an orb of fire
115210 | Zot:5    | Killed an orb of fire
115757 | Zot:5    | Got the Orb of Zot
115784 | Zot:5    | Noticed an orb of fire
115797 | Zot:5    | Killed an orb of fire
116388 | D:5      | Noticed Kollun the pandemonium lord
116419 | D:4      | Noticed Ricou the pandemonium lord
116470 | D:$      | Escaped with the Orb!

Illustrated notes

Levels and vault maps discovered:
D:1:      giann_horns, layout_basic, minmay_misc_feat_tiny
D:2:      layout_basic, basic_altar, minmay_misc_feat_five
D:3:      layout_rooms, gammafunk_ghost_icy
D:4:      minmay_wonky_spiral, layout_basic, lemuel_doored_altar, serial_shops,
          shop, uniq_sigmund, uniq_natasha
D:5:      layout_basic, lemuel_tele_altar, minmay_temple_entry_mist,
          gammafunk_ghost_smash, amcnicky_mini_rare_corridor_liquid,
          lemuel_flamethrower_2, uniq_eustachio, uniq_pikel
D:6:      layout_loops_corners, mainiacjoe_overflow_boulevard,
          hangedman_decor_growths
D:7:      layout_rooms, kennysheep_little_box, worms_lemuel, uniq_jeremiah
D:8:      layout_basic, nicolae_ru_the_path_less_chosen,
          gammafunk_temple_overflow_claw, dpeg_lair_monsters,
          ebering_ghost_funeral_grove, enter_bailey_5, grunt_ogre_cave,
          uniq_grum
D:9:      layout_gridville, orc_0_dummy, special_room [special_room_orc],
          uniq_psyche
D:10:     layout_basic, chequers_temple_overflow_statue_of_worship
D:11:     layout_gridville, uniq_urug, uniq_harold
D:12:     layout_rooms
D:13:     layout_basic, david_vaults_5, kennysheep_crisscross,
          grunt_dithmenos_smoke
D:14:     layout_loops_ring, serial_park_avenue1, uniq_louise
D:15:     gammafunk_enter_depths_forms, layout_loops_ring, chequers_avenue
Lair:1:   layout_concentric_octagons, serial_bayou_shore_b
Lair:2:   layout_cave_pods, dummy_snake_entry, uniq_fannar
Lair:3:   layout_regular_city, swamp_mist, portal_ice_cave_entry_imps,
          st_stairs_13, lemuel_fruit_fields
Lair:4:   minmay_guarded_unrand_snakebite, layout_gridlike, slime_entry_1,
          nicolae_lair_grazing_beasts [nicolae_sub_lair_graze_edge,
          nicolae_sub_lair_graze_edge, nicolae_sub_lair_graze_edge,
          nicolae_sub_lair_graze_edge]
Lair:5:   gammafunk_lair_ancient_temple, layout_cave_pods, basic_altar,
          st_stairs_6
Swamp:1:  layout_falls_marsh, serial_swamp_ruin, evilmike_swamp_ruin_house_6,
          evilmike_swamp_ruin_house_1, hangedman_swamp_ruin_wall,
          nicolae_swamp_oxbows, swamp_pool_4
Swamp:2:  layout_basic_swamp, evilmike_swamp_ruin_rubble_1, swamp_pool_1_2
Swamp:3:  layout_basic_swamp, ebering_ghost_rock_garden,
          evilmike_swamp_ruin_house_4, infiniplex_staircase_pool_2
Swamp:4:  swamp_old_school, layout_basic_swamp, uniq_nikola, uniq_mlioglotl
Snake:1:  nicolae_snake_unarmed_stairs_patrol, layout_rooms, serial_shops,
          nicolae_shop_trees, nicolae_square_shop, shop, lightli_airlock
Snake:2:  layout_layer_cave, grunt_megastairs_5
Snake:3:  layout_gridlike, serial_shops, shop, minmay_shop_star,
          grunt_megastairs_2
Snake:4:  snake_pit, layout_gridlike, nicolae_triple_integral, minmay_shoptagon
Orc:1:    layout_caves, serial_shops, shop, dreamdust_deal_with_the_devil,
          nicolae_shop_gadgets
Orc:2:    pubby_orc_utopia
Elf:1:    nicolae_elf_arrival_dilemma, layout_onion_city,
          hangedman_elf_disciples, corexii_leaking_fountain, uniq_roxanne,
          uniq_frances
Elf:2:    elven_hall_of_blades_hangedman_alternative [nicolae_blade_bullseye],
          layout_loops_corners, minmay_misc_feat_pillars,
          nicolae_elf_theology_debate, uniq_agnes
Elf:3:    grunt_elf_hall_asides, layout_geoelf_octagon, serial_shops, shop,
          uniq_boris, uniq_donald
Vaults:1: nicolae_vaults_diamond_1, nicolae_vaults_windows_and_doors_thing,
          v_rooms_4, nicolae_vaults_diamond_2, vaults_standard_mumra_x,
          st_hourglassy, nicolae_vaults_diamond_2, ontoclasm_vaults_gateway,
          layout_vaults_omnigrid
Vaults:2: nicolae_vaults_specimen_jars, nicolae_vaults_surprise_closet,
          v_pattern_4, nicolae_vaults_little_squares_3,
          nicolae_vaults_little_squares_1, vaults_dpeg_cross,
          nicolae_vaults_little_squares_6, nicolae_vaults_heart-shaped_vault,
          nicolae_vaults_ring_of_whatevers, grunt_vaults_twisty,
          nicolae_vaults_mini_display_case, nicolae_vaults_tetromino_T_1,
          vaults_room_pools, nicolae_vaults_tetromino_L_1,
          layout_vaults_big_room
Vaults:3: v_pattern_2, v_misc_11, minmay_crypt_entry_necro_gods,
          v_alt_pattern_6, hangedman_vaults_slice,
          nicolae_vaults_network_quincunx
          [nicolae_vaults_network_quincunx_subvault,
          nicolae_vaults_network_quincunx_subvault,
          nicolae_vaults_network_quincunx_subvault,
          nicolae_vaults_network_quincunx_subvault,
          nicolae_vaults_network_quincunx_subvault], v_misc_15,
          layout_vaults_omnicross, uniq_sojobo, uniq_mara, uniq_zenata
Vaults:4: hangedman_vaults_stagger, grunt_vaults_hallway_short,
          ontoclasm_vaults_pinch, v_misc_33, hangedman_vaults_restitches,
          nicolae_vaults_wrenched, hangedman_vaults_nails,
          nicolae_vaults_storage_closets_2, nicolae_vaults_trapezoid_lopsided_2,
          v_misc_25, vaults_room_pools, vaults_room_pool,
          vaults_room_ringed_pool, layout_vaults_omnibox, serial_glass,
          enter_trove_3
Vaults:5
Crypt:1:  layout_gridlike, small_statue_intersection, uniq_margery, uniq_jory
Crypt:2:  layout_rooms, lemuel_upstairs_altar
Crypt:3:  due_elkab, layout_chaotic_city, nicolae_tomb_entry_grand_gallery
Depths:1: layout_forbidden_donut, nemelex_xobeh_ov_fountains_minmay,
          rand_demon_pan_entry_9, pf_hell_entry_tar_river, nrook_loot_triangle,
          minmay_metal_thing
Depths:2: kennysheep_large_spiral, layout_cave_pools, enter_ziggurat_e,
          gammafunk_ghost_berserking_beasts, abyss_entry, pf_coc_iceberg,
          pan_entry, st_stairs_10, serial_library_hellmonk_long_bookcase,
          nicolae_diode_stairs, minmay_shop_grove, minmay_staircase_bubble
Depths:3: gold_lair_mu, layout_basic, serial_curves, eino_curves_01,
          eino_curves_04, hangedman_geh_valley, grunt_pan_entry_in_and_out,
          abyss_entry, hangedman_decor_push, infiniplex_staircase_pool_lava
Depths:4: evilmike_zot_entry_argh, layout_gridlike, hell_entry, serial_shops,
          shop, abyss_entry_flame_altar, evilmike_ruin_ashenzari,
          hangedman_devilish_allure
Zot:1:    cheibrodos_frozen_isle, layout_misc_corridors, grunt_megastairs_3,
          uniq_josephina
Zot:2:    chapayev_index_zotdef_columnade, layout_misc_corridors, uniq_grunn,
          uniq_vv
Zot:3:    layout_cathedral_of_symmetry, gammafunk_ghost_mausoleum,
          bh_zot_lava_cross
Zot:4:    layout_gridlike, hangedman_snake_sidewinding
Zot:5:    layout_twisted_circle, st_stairs_4, kennysheep_underground_church

Skill      XL: |  1  2  3  4  5  6  7  8  9 10 11 12 13 14 15 16 17 18 19 20 21 22 23 24 25 26 27 |
---------------+----------------------------------------------------------------------------------+-----
Necromancy     | 5 6 |  6.0
Spellcasting   | 3 4 7 11 14 16 17 19 21 22 | 22.3
Fighting       | 3 5 7 8 10 11 12 13 14 15 17 18 21 | 21.7
Ranged Weapons | 2 6 9 10 11 12 13 14 15 | 15.6
Evocations     | 2 5 8 9 10 12 | 12.1
Dodging        | 4 7 14 | 14.1
Armour         | 2 5 8 10 11 12 13 14 | 14.1
Ice Magic      | 4 8 11 12 13 16 18 20 21 | 21.2
Shields        | 3 9 12 13 14 | 14.1
Stealth        | |  1.5

Action                     |  1- 3 |  4- 6 |  7- 9 | 10-12 | 13-15 | 16-18 | 19-21 | 22-24 | 25-27 || total
---------------------------+-------+-------+-------+-------+-------+-------+-------+-------+-------++-------
  Melee: Dagger            |    22 |    16 |       |       |       |       |       |       |       ||    38
         Flail             |       |    44 |    33 |       |       |       |       |       |       ||    77
   Fire: Shortbow          |       |       |   306 |  1017 |  2075 |  2019 |   286 |       |       ||  5703
         Longbow           |       |       |       |       |       |       |  1554 |  1306 |       ||  2860
         Hand cannon       |       |       |       |       |       |       |       |   586 |  1158 ||  1744
  Throw: Dart              |       |       |     4 |     2 |    10 |       |     1 |       |       ||    17
         Boomerang         |       |       |     1 |       |       |       |       |       |       ||     1
         Throwing net      |       |       |       |     1 |     2 |       |       |       |       ||     3
         Javelin           |       |       |       |     1 |    15 |       |       |       |       ||    16
   Cast: Necrotise         |    64 |    75 |    14 |       |       |       |       |       |       ||   153
         Vampiric Draining |       |     3 |    19 |    47 |    94 |    16 |     2 |       |       ||   181
         Ozocubu's Refrige |       |       |       |       |       |    92 |   143 |   115 |    92 ||   442
         Fugue of the Fall |       |       |       |       |       |       |     3 |       |       ||     3
         Polar Vortex      |       |       |       |       |       |       |     1 |    11 |     5 ||    17
 Invoke: Curse Item        |       |       |     5 |     3 |     3 |     2 |     1 |     4 |       ||    18
         Shatter the Chain |       |       |       |     3 |     1 |       |     1 |     3 |       ||     8
Ability: Evoke Blink       |       |       |       |       |       |     1 |     1 |       |       ||     2
  Evoke: Wand              |       |     5 |     6 |    19 |    22 |     2 |     5 |     7 |     7 ||    73
         Phantom mirror    |       |       |       |       |     1 |     1 |     3 |       |     1 ||     6
         Sack of spiders   |       |       |       |       |     1 |       |     2 |     2 |       ||     5
         Phial of floods   |       |       |       |       |       |     1 |     2 |       |       ||     3
         Lightning rod     |       |       |       |       |       |       |     8 |       |       ||     8
    Use: Scroll            |     1 |     6 |     9 |     8 |    11 |     7 |    14 |    21 |     9 ||    86
   Stab: Paralysed         |       |    12 |       |       |       |       |       |       |       ||    12
 Armour: Robe              |    29 |    42 |   112 |   146 |       |       |       |       |       ||   329
         Steam dragon scal |       |       |       |   118 |       |       |       |       |       ||   118
         Quicksilver drago |       |       |       |    21 |   755 |   612 |   523 |   477 |   466 ||  2854
  Dodge: Dodged            |    14 |    21 |    87 |   246 |   833 |   765 |  1050 |   826 |   756 ||  4598
  Block: Other             |       |       |       |       |       |   101 |   189 |    43 |       ||   333
         Reflection        |       |       |       |       |       |    19 |    24 |       |       ||    43
         Kite shield       |       |       |       |       |       |       |       |   243 |   927 ||  1170

Table legend: (Time is in decaauts)
 A = Elapsed time spent in this place.
 B = Non-inter-level travel time spent in this place.
 C = Inter-level travel time spent in this place.
 D = Time resting spent in this place.
 E = Time spent auto-exploring this place.
 F = Levels seen in this place.
 G = Mean time per level.
                   A        B        C        D        E       F      G
               +--------+--------+--------+--------+--------+-----+--------+
         Total | 115658 | 107376 |   8282 |  52282 |  36696 |  62 | 1865.5 |
       Dungeon |  28037 |  24703 |   3334 |  11203 |   9897 |  15 | 1869.1 |
          Lair |   9611 |   8768 |    843 |   3066 |   4233 |   5 | 1922.2 |
         Swamp |   8942 |   8663 |    279 |   5188 |   2440 |   4 | 2235.5 |
     Snake Pit |   7347 |   7069 |    278 |   2834 |   2973 |   4 | 1836.8 |
  Orcish Mines |   5158 |   4615 |    543 |   2258 |   1484 |   2 | 2579.0 |
   Elven Halls |   7435 |   7003 |    432 |   3399 |   1960 |   3 | 2478.3 |
        Vaults |  16891 |  15832 |   1059 |   8202 |   5004 |   5 | 3378.2 |
         Crypt |   4672 |   4449 |    223 |   1168 |   2274 |   3 | 1557.3 |
        Depths |   9753 |   8985 |    768 |   4160 |   3418 |   4 | 2438.2 |
           Zot |  13331 |  12812 |    519 |   7593 |   2892 |   5 | 2666.2 |
         Abyss |    140 |    140 |      0 |      0 |      0 |   1 |  140.0 |
      Ziggurat |   1370 |   1370 |      0 |   1054 |     22 |   8 |  171.2 |
         Trove |     86 |     86 |      0 |      0 |      4 |   1 |   86.0 |
        Bailey |    845 |    845 |      0 |    364 |     92 |   1 |  845.0 |
      Ice Cave |   2033 |   2033 |      0 |   1789 |      0 |   1 | 2033.0 |
               +--------+--------+--------+--------+--------+-----+--------+

Top non-repeatable levels by time:
    D:15: 4857 daAuts
   Zot:5: 4642 daAuts
Vaults:3: 4284 daAuts
   Orc:2: 3874 daAuts
   Elf:2: 3500 daAuts
Vaults:2: 3325 daAuts
Vaults:4: 3305 daAuts
Depths:4: 3114 daAuts
Depths:1: 3092 daAuts
     D:9: 3021 daAuts
Vaults:1: 3019 daAuts
Vaults:5: 2957 daAuts
     D:8: 2733 daAuts
 Swamp:4: 2719 daAuts
   Zot:4: 2702 daAuts
